 Dungeon Crawl Stone Soup version 0.26-a0-30-g56b8cd3df0 (webtiles) character file.

Game seed: 6692188680104209882, levelgen mode: deterministic

88 Hasart the Sneak (level 4, -8/27 HPs)
             Began as a Kobold Assassin on May 31, 2020.
             Splashed by Ijyb's acid (13 damage)
             ... on level 3 of the Dungeon.
             The game lasted 00:03:48 (1997 turns).

Hasart the Sneak (Kobold Assassin)                  Turns: 1997, Time: 00:03:48

Health: -8/27      AC:  3    Str:  9    XL:     4   Next: 81%
Magic:  4/4        EV: 15    Int: 12    God:
Gold:   91         SH:  0    Dex: 16    Spells: 3/3 levels left

rFire    . . .     SeeInvis +   k - +0 whip (elec)
rCold    . . .     Gourm    .   (shield restricted)
rNeg     + . .     Faith    .   b - +0 robe
rPois    .         Spirit   .   (no helmet)
rElec    .         Reflect  .   c - +0 cloak
rCorr    .         Harm     .   (no gloves)
MR       .....                  (no boots)
Stlth    +++.......             (no amulet)
HPRegen  0.09/turn              m - ring of positive energy
MPRegen  0.09/turn              s - ring of see invisible

@: no status effects
A: small, carnivore
a: no special abilities


You were on level 3 of the Dungeon.
You were completely stuffed.

You visited 1 branch of the dungeon, and saw 3 of its levels.

You collected 91 gold pieces.

Inventory:

Hand Weapons
 a - a +2 dagger
 k - a +0 whip of electrocution (weapon)
Missiles
 d - 26 poisoned darts (quivered)
 e - 2 curare-tipped darts
 q - 5 boomerangs
Armour
 b - a +0 robe (worn)
 c - a +0 cloak (worn)
Jewellery
 j - a +6 ring of intelligence
 m - a ring of positive energy (left hand)
 s - a ring of see invisible (right hand)
Scrolls
 h - 2 scrolls of identify {unknown}
 i - a scroll of enchant armour {unknown}
 l - 2 scrolls of enchant weapon {unknown}
 r - a scroll of magic mapping {unknown}
 t - a scroll of immolation {unknown}
Potions
 g - a potion of ambrosia {unknown}
 n - 2 potions of haste {unknown}
 o - 2 potions of heal wounds {unknown}
 p - a potion of experience {unknown}
Comestibles
 f - 5 rations


   Skills:
 + Level 2.8 Fighting
 - Level 3.2 Short Blades
 * Level 1.4 Maces & Flails
 + Level 2.8 Throwing
 + Level 2.3 Dodging
 + Level 5.8 Stealth


You had 3 spell levels left.
You didn't know any spells.
Your spell library was empty.

Dungeon Overview and Level Annotations

Branches:
Dungeon (3/15)

Altars:

Annotations:
D:3 Ijyb


Innate Abilities, Weirdness & Mutations

You are small and have problems with some larger weapons.
You are carnivorous and can eat meat at any time.


Message History

You hit the orc.
The orc is lightly wounded.
The orc misses you.
You closely miss the orc.
The orc is lightly wounded.
The orc completely misses you.
You barely miss the orc.
The orc is lightly wounded.
The orc misses you.
You hit the orc. Lightning courses through the orc!
You kill the orc!
You hit Ijyb.
Ijyb is lightly wounded.
Ijyb hits you with a +0 dagger.
You hit Ijyb.
Ijyb is lightly wounded.
Ijyb zaps a wand.
The bolt of acid hits you!
* * * LOW HITPOINT WARNING * * *
You are splashed with acid!
You die...

# ########### ..
#.....#...########.##.
......).........>.....
................##.
#.....#########.#
......# #.## ......#
#..# ...####
##@######.## .).#
#g#.)...... ...# #w..#
...# ##..# ...# #..#
#### #....)# #.###.. #
#... #...#


You could see Ijyb (resistant) and a dart slug.

Vanquished Creatures
  Jessica (D:2)
  2 worms (D:2)
  A dart slug (D:2)
  6 orcs (D:3)
  5 goblins
  8 hobgoblins
  3 jackals (D:2)
  7 bats
  4 frilled lizards
  5 kobolds (D:1)
  5 rats
47 creatures vanquished.

Notes
Turn   | Place    | Note
-------+----------+-------------------------------------------
     0 | D:1      | Hasart the Kobold Assassin began the quest for the Orb.
     0 | D:1      | Reached XP level 1. HP: 12/12 MP: 1/1
   240 | D:1      | Reached XP level 2. HP: 18/18 MP: 2/2
  1283 | D:2      | Reached XP level 3. HP: 22/22 MP: 3/3
  1488 | D:2      | Noticed Jessica
  1502 | D:2      | Killed Jessica
  1502 | D:2      | Reached skill level 1 in Maces & Flails
  1502 | D:2      | Reached XP level 4. HP: 17/27 MP: 4/4
  1976 | D:3      | Noticed Ijyb
  1997 | D:3      | Splashed by Ijyb's acid

Illustrated notes

Levels and vault maps discovered:
D:1:      psy_arrival_heroes, layout_basic, st_stairs_13, chequers_garden
D:2:      layout_rooms, uniq_jessica
D:3:      layout_basic, minmay_door_square, uniq_sigmund, uniq_ijyb, uniq_robin,
          uniq_natasha

Skill      XL: |  1  2  3 |
---------------+----------+-----
Short Blades   | 3 |  3.2
Maces & Flails | 1 |  1.4
Dodging        | 2 |  2.3
Fighting       | |  2.8
Throwing       | |  2.8
Stealth        | |  5.8

Action                   |  1- 3 |  4- 6 || total
-------------------------+-------+-------++-------
Melee: Dagger            |    39 |       ||    39
       Whip              |    43 |    47 ||    90
 Stab: Sleeping          |     5 |     6 ||    11
  Eat: Chunk             |    10 |     2 ||    12
Armor: Robe              |     9 |     9 ||    18
Dodge: Dodged            |    71 |    40 ||   111

Table legend:
 A = Non-vault XP
 B = Vault XP
 C = Vault XP percentage of total XP
 D = Non-vault monster count
 E = Vault monster count
 F = Vault count percentage of total count
                 A         B        C        D         E       F
            +---------+---------+-------+---------+---------+-------
      Total |      85 |      41 |  32.5 |      43 |       4 |   8.5
            +---------+---------+-------+---------+---------+-------
        D:1 |      18 |       4 |  18.2 |      12 |       3 |  20.0
        D:2 |      41 |      37 |  47.4 |      19 |       1 |   5.0
        D:3 |      26 |       0 |   0.0 |      12 |       0 |   0.0
            +---------+---------+-------+---------+---------+-------
